 Dungeon Crawl Stone Soup version 0.17.1-2-g5865329 (webtiles) character file.

41 Xandaros the Firebug (level 3, -2/19 HPs)
             Began as a Deep Elf Fire Elementalist on Jan 22, 2016.
             Slain by Robin
             ... wielding a +0 club
              (5 damage)
             ... on level 2 of the Dungeon.
             The game lasted 00:19:52 (1490 turns).

Xandaros the Firebug (Deep Elf Fire Elementalist)   Turns: 1490, Time: 00:19:53

Health: -2/19      AC:  3    Str:  5    XL:     3   Next: 32%
Magic:  3/10       EV: 13    Int: 20    God:
Gold:   61         SH:  0    Dex: 15    Spells: 2 memorised, 5 levels left

rFire  . . .     SeeInvis .     d - +0 club
rCold  . . .     Clarity  .     a - +0 robe
rNeg   . . .     SustAt   .     (no shield)
rPois  .         Gourm    .     (no helmet)
rElec  .         Spirit   .     (no cloak)
rCorr  .         Warding  .     (no gloves)
rMut   .         Stasis   .     k - +0 pair of boots
MR     .....                    (no amulet)
Stlth  ++........               (no ring)
                                (no ring)

@: not resistant to hostile enchantments, unstealthy
A: no striking features
a: no special abilities


You were on level 2 of the Dungeon.
You were not hungry.

You visited 1 branch of the dungeon, and saw 2 of its levels.

You collected 61 gold pieces.

Inventory:

Hand Weapons
 d - a +0 club (weapon)
Missiles
 j - 54 stones (quivered)
Armour
 a - a +0 robe (worn)
 i - a +0 scale mail
 k - a +0 pair of boots (worn)
Scrolls
 g - 2 scrolls of identify {unknown}
 h - a scroll of noise {unknown}
Potions
 e - a potion of haste {unknown}
Books
 b - a book of Flames

   Spells                             Type                      Level
   a - Flame Tongue                   Conjuration/Fire             1
   b - Throw Flame                    Conjuration/Fire             2
   c - Conjure Flame                  Conjuration/Fire             3
   d - Inner Flame                    Hexes/Fire                   3
   e - Sticky Flame                   Conjuration/Fire             4
   f - Fireball                       Conjuration/Fire             5
Comestibles
 c - a bread ration
 f - a chunk of flesh


   Skills:
 + Level 2.6 Dodging
 + Level 2.7 Stealth
 + Level 3.6 Spellcasting
 + Level 1.7 Conjurations
 + Level 4.0 Fire Magic


You had 5 spell levels left.
You knew the following spells:

 Your Spells              Type           Power        Failure   Level  Hunger
a - Flame Tongue          Conj/Fire      ###..        4%          1    None
b - Conjure Flame         Conj/Fire      ###.....     14%         3    ###....


Dungeon Overview and Level Annotations

Branches:
Dungeon (2/15)

Altars:

Annotations:
D:2 Robin


Message History

The goblin hits you with a club.
You closely miss the goblin.
The goblin is moderately wounded.
The goblin misses you.
You closely miss the goblin.
The goblin is moderately wounded.
The goblin hits you with a club.
* * * LOW HITPOINT WARNING * * *
You hit the goblin.
You kill the goblin!
Casting: Conjure Flame
Confirm with . or Enter, or press ? or * to list all spells.
You don't have enough magic to cast that spell.
Sorry, you're not good enough to have a special ability.
You spend a moment contemplating the meaning of life.
Casting: Conjure Flame
Confirm with . or Enter, or press ? or * to list all spells.
You don't have enough magic to cast that spell.
You barely miss Robin. Robin closely misses you. Robin hits you with a club.
You die...

###########
#########)†)@g....#
.......##.#######.#
#...s.......##.#
#.#.##.#....##.####.#
#†##.#............#
#gggg.g.......>..#.##.###
#g####g<##.##...##.# #
#..##.##..###.#
#..##.##..###.#


You could see Robin.

Vanquished Creatures
  A giant gecko (D:1)
  2 ball pythons (D:1)
  8 goblins
  4 hobgoblins
  2 kobolds (D:1)
  A quokka (D:2)
  6 bats (D:1)
  3 giant cockroaches
  2 giant newts (D:1)
  4 jackals (D:1)
  A rat (D:1)
34 creatures vanquished.

Notes
Turn   | Place    | Note
--------------------------------------------------------------
     0 | D:1      | Xandaros the Deep Elf Fire Elementalist began the quest for the Orb.
     0 | D:1      | Reached XP level 1. HP: 10/10 MP: 6/6
     2 | D:1      | Noticed an elf
     4 | D:1      | Noticed a vine stalker
     4 | D:1      | Noticed a felid
     6 | D:1      | Noticed a minotaur
     8 | D:1      | Noticed a naga
     8 | D:1      | Noticed an ogre
    10 | D:1      | Noticed a troll
    10 | D:1      | Noticed a draconian
    12 | D:1      | Noticed a demonspawn
    12 | D:1      | Noticed a vampire
    14 | D:1      | Noticed a ghoul
    14 | D:1      | Noticed a centaur
    18 | D:1      | Noticed a demigod
    20 | D:1      | Noticed a dwarf
    20 | D:1      | Noticed a merfolk
    22 | D:1      | Noticed an octopode
    22 | D:1      | Noticed a formicid
    24 | D:1      | Noticed a human
    24 | D:1      | Noticed a spriggan
    26 | D:1      | Noticed a tengu
    26 | D:1      | Noticed a gargoyle
   234 | D:1      | Reached XP level 2. HP: 3/15 MP: 1/8
  1209 | D:1      | Reached XP level 3. HP: 19/19 MP: 7/10
  1415 | D:2      | Learned a level 3 spell: Conjure Flame
  1425 | D:2      | Noticed Robin
  1441 | D:2      | Reached skill level 4 in Fire Magic
  1490 | D:2      | Slain by Robin

Action                   || total
-------------------------++-------
Melee: Club              ||    11
 Cast: Flame Tongue      ||    50
       Conjure Flame     ||     2
  Eat: Chunk             ||     2
